Map: Ulrena

Players

Machete

  • Race: Protoss Protoss
  • League: Gold

capac - Winner!

  • Race: Terran Terran
  • League: Gold

VOD

Have the link to the VOD?

Description

Time

  • Played on: May 2, 2016, 5:07 a.m.
  • Length: 11:35
Show
View Real Time Build Order
Export as new Build Order

Machete Protoss 

Build Orders:  

Get SALT Encoding   

  12  0:01  Probe (Chrono Boost)  
  13  0:11  Probe (Chrono Boost)  
  14  0:17  Pylon  
  14  0:22  Probe (Chrono Boost)  
  15  0:36  Probe (Chrono Boost)  
  15  0:40  Gateway  
  16  0:46  Probe (Chrono Boost)  
  17  0:50  Assimilator  
  17  1:02  Probe (Chrono Boost)  
  18  1:06  Assimilator  
  18  1:19  Pylon  
  18  1:25  Probe (Chrono Boost)  
  19  1:34  Cybernetics Core  
  19  1:36  Probe (Chrono Boost)  
  20  1:46  Probe (Chrono Boost)  
  21  2:05  Nexus  
  21  2:09  Probe (Chrono Boost)  
  22  2:20  Mothership Core (Chrono Boost)  
  24  2:25  Stalker  
  24  2:28  Warp Gate  
  25  2:47  Probe (Chrono Boost)  
  26  2:55  Robotics Facility  
  26  3:02  Probe (Chrono Boost)  
  26  3:03  Pylon  
  27  3:06  Stalker  
  29  3:23  Probe x2 (Chrono Boost)  
  31  3:33  Probe (Chrono Boost)  
  32  3:39  Stalker  
  34  3:43  Observer  
  34  3:47  Gateway  
  35  3:52  Gateway  
  35  3:53  Probe (Chrono Boost)  
  36  4:04  Observer  
  36  4:07  Probe (Chrono Boost)  
  39  4:32  Immortal  
  42  4:51  Probe x2 (Chrono Boost)  
  44  5:00  Twilight Council  
  44  5:06  Probe x2 (Chrono Boost)  
  46  5:13  Pylon  
  46  5:17  Immortal  
  46  5:19  Pylon  
  50  5:22  Gateway  
  50  5:30  Probe (Chrono Boost)  
  50  5:33  Adept x2  
  50  5:34  Adept  
  57  5:38  Probe (Chrono Boost)  
  57  5:41  Probe (Chrono Boost)  
  59  5:49  Blink  
  59  5:50  Probe (Chrono Boost)  
  59  5:53  Assimilator  
  59  5:54  Assimilator  
  59  5:56  Stalker x2  
  64  6:03  Warp Prism  
  66  6:11  Probe x2 (Chrono Boost)  
  68  6:21  Probe (Chrono Boost)  
  68  6:24  Probe (Chrono Boost)  
  70  6:52  Pylon  
  70  6:55  Pylon  
  70  6:56  Nexus  
  70  6:58  Pylon  
  70  7:06  Gateway  
  70  7:10  Probe x2 (Chrono Boost), Forge  
  70  7:12  Forge  
  72  7:20  Probe (Chrono Boost), Adept x3  
  79  7:42  Gateway  
  78  7:50  Adept x3  
  84  8:10  Pylon  
  84  8:12  Pylon  
  84  8:14  Pylon  
  72  8:27  Probe (Chrono Boost)  
  72  8:30  Adept x2  
  72  8:31  Stalker  
  72  8:33  Immortal  
  83  8:40  Probe x2 (Chrono Boost)  
  85  8:41  Probe (Chrono Boost)  
  85  8:45  Protoss Ground Weapons Level 1 (Chrono Boost)  
  85  8:46  Templar Archives, Protoss Ground Armor Level 1 (Chrono Boost)  
  86  8:50  Probe x2  
  86  8:54  Stalker x2  
  92  8:59  Stalker  
  91  9:22  Adept x3  
  91  9:23  Adept x2  
  95  9:29  Probe  
  65  9:47  Stalker  
  65  9:48  Stalker x2  
  65  9:49  Adept x2  
  65  10:01  Immortal  
  65  10:05  Probe x2  
  71  10:08  Mothership Core  
  73  10:14  Stalker  
  73  10:16  Adept x2  
  73  10:17  Adept  
  80  10:35  Stalker  
  70  10:41  Immortal (Chrono Boost)  
  68  10:48  Probe  
  69  10:54  Adept x3  
  65  11:25  Adept x4  
  59  11:26  Adept  
Show
View Real Time Build Order
Export as new Build Order

capac Terran - Winner!

Build Orders: Reaper Expand 

Get SALT Encoding   

  12  0:00  SCV  
  13  0:13  SCV  
  14  0:18  Supply Depot  
  14  0:25  SCV  
  15  0:39  SCV  
  15  0:41  Barracks  
  16  0:45  Refinery  
  16  0:51  SCV  
  17  1:04  SCV  
  18  1:16  SCV  
  19  1:29  Orbital Command  
  19  1:30  Reaper  
  20  1:48  Command Center  
  20  1:59  Supply Depot  
  20  2:06  Marine  
  21  2:12  Factory  
  21  2:14  SCV  
  22  2:28  SCV  
  24  2:35  Barracks  
  23  2:37  Barracks Reactor  
  23  2:44  SCV  
  24  2:55  Refinery  
  24  3:00  Factory Tech Lab  
  24  3:04  SCV  
  25  3:10  Starport  
  25  3:14  Marine x2  
  27  3:25  SCV  
  27  3:26  Orbital Command  
  28  3:29  Bunker  
  28  3:31  Barracks Tech Lab  
  28  3:41  Barracks, Marine x2  
  30  3:56  Siege Tank  
  30  3:59  Marine x2  
  30  4:00  Supply Depot  
  30  4:02  SCV x2  
  36  4:24  Medivac  
  36  4:28  SCV x2  
  36  4:30  Marine  
  36  4:31  Marine x2  
  42  4:32  Siege Tank  
  42  4:35  Marine  
  46  4:41  SCV x2  
  46  4:45  Supply Depot  
  48  4:53  Marine x2, SCV x2  
  48  4:54  Barracks Reactor  
  48  4:55  Marine  
  48  4:57  Starport Reactor  
  53  5:03  Refinery  
  53  5:05  SCV  
  53  5:06  SCV, Stimpack  
  55  5:16  Engineering Bay  
  55  5:17  SCV  
  55  5:18  SCV  
  57  5:22  Supply Depot  
  57  5:24  Marine x2  
  57  5:26  Marine  
  60  5:29  SCV  
  60  5:30  SCV  
  62  5:43  Medivac x2  
  62  5:44  SCV x2  
  62  5:47  Refinery  
  62  5:49  Marine x2  
  70  5:59  Barracks  
  70  6:04  Barracks  
  70  6:13  Missile Turret  
  70  6:17  Engineering Bay  
  70  6:29  Marine x2, Medivac  
  70  6:30  Siege Tank, SCV  
  78  6:38  Terran Infantry Weapons Level 1  
  78  6:43  Supply Depot  
  78  6:45  Supply Depot  
  78  6:50  Barracks Tech Lab  
  78  6:52  Barracks Reactor  
  78  6:55  Terran Infantry Armor Level 1  
  78  7:04  Marine x3, SCV x2, Medivac  
  78  7:08  Supply Depot  
  85  7:10  Supply Depot  
  85  7:15  Siege Tank  
  88  7:17  SCV  
  89  7:29  Liberator x2  
  89  7:40  Armory  
  89  7:43  Marine  
  89  7:44  Marine x5  
  91  7:45  Marauder x2  
  91  7:48  Supply Depot  
  93  8:38  Missile Turret  
  93  8:43  Marine  
  93  8:44  Marine x5  
  93  8:45  Marauder x2  
  103  9:06  Marauder  
  97  9:18  Marine  
  97  9:19  Marine x4  
  96  9:42  Marine x7  
  96  9:43  Marine  
  95  9:59  Marine x2  
  95  10:01  Marauder  
  99  10:09  Marine x5  
  104  10:17  Marine x2  
  106  10:22  Marine  
  106  10:26  Marine  
  106  10:27  Marine x4  
  112  10:35  Marine x2  
  108  10:36  Siege Tank  
  108  10:39  Marine  
  113  10:48  Marine x3  
  113  10:49  Marine x2  
  118  11:06  Marine  
Tags
 
Add a new tag
Caveats
  • Supply blocks, unpowered buildings, or Contaminate may cause inaccurate times.
  • Supply counts are checked every 10 seconds.